 Dungeon Crawl Stone Soup version 0.30-a0-719-gcc4359ea44 (webtiles) character file.

Game seed: 1843925425296358534

842 Dittersdorf the Trooper (level 8, -5/51 HPs)
             Began as a Gargoyle Fighter on Jan 26, 2023.
             Was a Believer of Okawaru.
             Slain by Prince Ribbit (10 damage)
             ... on level 5 of the Dungeon.
             The game lasted 00:05:47 (4382 turns).

Dittersdorf the Trooper (Gargoyle Fighter)          Turns: 4382, Time: 00:05:47

Health: -5/51      AC: 19    Str: 21    XL:     8   Next: 0%
Magic:  6/8        EV:  9    Int: 10    God:    Okawaru [**....]
Gold:   334        SH:  6    Dex:  9    Spells: 7/7 levels left

rFire   . . .      SeeInvis .    a - +0 flail
rCold   . . .      Faith    .    c - +0 buckler
rNeg    + . .      Spirit   .    h - +0 chain mail
rPois   ∞          Reflect  .    (no helmet)
rElec   +          Harm     .    (no cloak)
rCorr   .          Rampage  .    r - +0 pair of gloves
Will    .....                    (no boots) Stlth
                                 (no amulet)
HPRegen 0.28/turn                v - ring of flight
MPRegen 0.11/turn                (no ring)

@: heroic, flying
A: sickness immunity, AC +5, negative energy resistance 1, electricity
resistance, torment resistance 1, petrification resistance
a: Renounce Religion, Heroism


You were on level 5 of the Dungeon.
You worshipped Okawaru.
Okawaru was pleased with you.
You visited 2 branches of the dungeon, and saw 6 of its levels.

You collected 334 gold pieces.

Inventory:

Hand Weapons
 a - a +0 flail (weapon)
Armour
 c - a +0 buckler (worn)
 h - a +0 chain mail (worn)
 r - a +0 pair of gloves (worn)
Jewellery
 v - a ring of flight (left hand)
Scrolls
 b - a scroll of poison {unknown}
 e - 2 scrolls of noise {unknown}
 f - 2 scrolls of identify {unknown}
 i - a scroll of enchant weapon {unknown}
 k - 3 scrolls of teleportation {unknown}
 m - a scroll of fog {unknown}
 n - a scroll of blinking {unknown}
 o - 3 scrolls of enchant armour {unknown}
 s - 3 scrolls of butterflies {unknown}
 w - 2 scrolls of fear {unknown}
 y - 2 scrolls of torment {unknown}
Potions
 d - 2 potions of might
 g - 2 potions of mutation {unknown}
 j - a potion of attraction {unknown}
 p - a potion of invisibility {unknown}
 q - a potion of berserk rage {unknown}
 t - a potion of magic {unknown}
 u - a potion of degeneration {unknown}
 x - a potion of lignification {unknown}


   Skills:
 + Level 5.8(10.8) Fighting
 + Level 4.7(9.7) Maces & Flails
 + Level 5.8(10.8) Armour
 + Level 5.7(10.7) Shields


You had 7 spell levels left.
You didn't know any spells.
Your spell library contained the following spells:

 Spells                   Type           Power      Damage    Failure   Level
 Ensorcelled Hibernation  Hex/Ice        0%         N/A       99%         2
 Passwall                 Tmut/Erth      0%         N/A       99%         2
 Swiftness                Air            0%         N/A       100%        3
 Animate Dead             Necr           Unusable   N/A       N/A         4
 Haunt                    Necr/Summ      Unusable   N/A       N/A         7
 Infestation              Necr           Unusable   N/A       N/A         8

Dungeon Overview and Level Annotations

Branches:
Dungeon (5/15)             Temple (1/1) D:4

Altars:
Ashenzari
Cheibriados
Dithmenos
Elyvilon
Fedhas
Gozag
Hepliaklqana
Kikubaaqudgha
Makhleb
Okawaru
Qazlal
Ru
Sif Muna
Trog
Uskayaw
Vehumet
Wu Jian
Xom
Yredelemnul
The Shining One

Shops:
D:4 ?

Annotations:
D:5 Prince Ribbit


Innate Abilities, Weirdness & Mutations

You are immune to sickness and miasma.
Your stone body is resilient. (AC +5)
You are immune to poison.
You resist negative energy. (rN+)
You are resistant to electric shocks. (rElec)
You are resistant to unholy torment.
You are immune to petrification.


Message History

You thump Prince Ribbit!
Prince Ribbit is heavily wounded.
Prince Ribbit barely misses you. x2
You sock Prince Ribbit!
Prince Ribbit is almost dead.
Prince Ribbit blinks!
You see here a +0 short sword.
You barely miss Prince Ribbit.
Prince Ribbit is almost dead.
Prince Ribbit blinks!
You block Prince Ribbit's attack.
You closely miss Prince Ribbit.
Prince Ribbit is almost dead.
Prince Ribbit hits you.
* * * LOW HITPOINT WARNING * * *
Prince Ribbit barely misses you.
You closely miss Prince Ribbit.
Prince Ribbit is severely wounded.
Prince Ribbit barely misses you.
You miss Prince Ribbit.
Prince Ribbit is severely wounded.
Prince Ribbit barely misses you.
Prince Ribbit hits you but does no damage.
You sock Prince Ribbit!
Prince Ribbit is almost dead.
Prince Ribbit blinks!
Prince Ribbit barely misses you.
You miss Prince Ribbit.
Prince Ribbit is almost dead.
You block Prince Ribbit's attack. Prince Ribbit hits you!
* * * LOW HITPOINT WARNING * * *
You miss Prince Ribbit.
Prince Ribbit is almost dead.
Prince Ribbit blinks!
Prince Ribbit blinks!
You gain the combat prowess of a mighty hero.
Prince Ribbit hits you.
* * * LOW HITPOINT WARNING * * *
Prince Ribbit croaks regally.
Prince Ribbit hits you!
You die...

.# .# .
####.##....
#(.........
#§#########
#.# #.#
#.#########
#F@.......#
#########.#
#.# #.# #.#
#.# #.# #.#
#.#


You could see Prince Ribbit.

Vanquished Creatures
  A black bear (D:4)
  A centaur (D:5)
  A phantom (D:5)
  3 necrophages
  2 jellies (D:5)
  A hound (D:5)
  An orc priest (D:4)
  3 iguanas
  4 gnolls
  7 adders
  2 worms
  A dart slug (D:4)
  8 orcs
  7 endoplasms
  4 giant cockroaches
  9 goblins
  5 hobgoblins
  2 jackals (D:1)
  6 quokkas
  7 ball pythons
  12 bats
  3 frilled lizards
  5 kobolds
  6 rats
101 creatures vanquished.

Notes
Turn   | Place    | Note
-------+----------+-------------------------------------------
     0 | D:1      | Dittersdorf the Gargoyle Fighter began the quest for the
                  | Orb.
     0 | D:1      | Reached XP level 1. HP: 14/14 MP: 1/1
    92 | D:1      | Reached XP level 2. HP: 16/19 MP: 2/2
   173 | D:1      | Found a faded altar of an unknown god.
   241 | D:1      | Reached XP level 3. HP: 23/23 MP: 3/3
   723 | D:2      | Reached XP level 4. HP: 29/29 MP: 4/4
  1897 | D:3      | Reached XP level 5. HP: 33/33 MP: 5/5
  2626 | D:4      | Found a staircase to the Ecumenical Temple.
  2643 | Temple   | Entered the Ecumenical Temple
  2941 | Temple   | Became a worshipper of Warmaster Okawaru
  3152 | D:4      | Noticed a black bear
  3223 | D:4      | Killed a black bear
  3223 | D:4      | Reached * piety under Okawaru
  3224 | D:4      | Reached XP level 6. HP: 32/39 MP: 6/6
  3409 | D:4      | Found a burning altar of Makhleb.
  3439 | D:4      | Reached skill level 5 in Fighting
  3439 | D:4      | Reached skill level 5 in Armour
  3573 | D:4      | Found Feilustri's Magic Scroll Shop.
  3645 | D:4      | Found a hide-covered altar of Uskayaw.
  3669 | D:5      | Entered Level 5 of the Dungeon
  3671 | D:5      | Found an ornate altar of the Wu Jian Council.
  3681 | D:5      | Reached skill level 5 in Shields
  3681 | D:5      | Reached XP level 7. HP: 41/44 MP: 7/7
  4156 | D:5      | Reached ** piety under Okawaru
  4345 | D:5      | Noticed Prince Ribbit
  4351 | D:5      | Reached XP level 8. HP: 23/51 MP: 8/8
  4382 | D:5      | Slain by Prince Ribbit

Illustrated notes

Levels and vault maps discovered:
D:1:      lightli_iron_boxes, layout_rooms, chequers_ecumenical_altar_simple
D:2:      layout_basic
D:3:      layout_loops_ring
D:4:      layout_cave_pools, mainiacjoe_overflow_surrounded_room,
          mainiacjoe_overflow_alcove_4, minmay_temple_entry_slanted,
          serial_shops, nicolae_square_shop
D:5:      layout_loops_ring, nicolae_wu_jian_wuxing_cycle, uniq_prince_ribbit1
Temple:   minmay_temple_bridge_d

Skill      XL: |  1  2  3  4  5  6 |
---------------+-------------------+-----
Fighting       | 4 5 |  5.8
Armour         | 4 5 |  5.8
Shields        | 4 5 |  5.7
Maces & Flails | 3 4 |  4.7

Action                     |  1- 3 |  4- 6 |  7- 9 || total
---------------------------+-------+-------+-------++-------
  Melee: Flail             |   116 |   208 |    90 ||   414
  Throw: Throwing net      |       |       |     1 ||     1
 Invoke: Heroism           |       |       |     1 ||     1
 Armour: Scale mail        |     2 |       |       ||     2
         Chain mail        |    71 |   187 |    49 ||   307
  Dodge: Dodged            |    46 |    89 |    29 ||   164
  Block: Buckler           |    28 |    56 |    17 ||   101

Table legend: (Time is in decaauts)
 A = Elapsed time spent in this place.
 B = Non-inter-level travel time spent in this place.
 C = Inter-level travel time spent in this place.
 D = Time resting spent in this place.
 E = Time spent auto-exploring this place.
 F = Levels seen in this place.
 G = Mean time per level.
                   A        B        C        D        E       F      G
               +--------+--------+--------+--------+--------+-----+--------+
         Total |   4498 |   4205 |    293 |    250 |   2984 |   6 |  749.7 |
       Dungeon |   4125 |   3981 |    144 |    250 |   2772 |   5 |  825.0 |
        Temple |    373 |    224 |    149 |      0 |    212 |   1 |  373.0 |
               +--------+--------+--------+--------+--------+-----+--------+

Top non-repeatable levels by time:
     D:2: 1163 daAuts
     D:3: 814 daAuts
     D:4: 751 daAuts
     D:5: 735 daAuts
     D:1: 660 daAuts
  Temple: 373 daAuts
